 Dungeon Crawl Stone Soup version bcrawl-1.21.3-16-g7f46a08de7 (webtiles) character file.

Game seed: 3685322355814462069

292 Chiseanne the Ducker (level 6, -5/48 HPs)
             Began as a Demonspawn Archaeologist on May 3, 2020.
             Slain by an orc warrior
             ... wielding a +0 glaive of venom
              (17 damage)
             ... on level 4 of the Dungeon.
             The game lasted 00:05:39 (3106 turns).

Chiseanne the Ducker (Demonspawn Archaeologist)     Turns: 3106, Time: 00:05:40

Health: -5/48      AC:  9    Str: 12    XL:     6   Next: 10%
Magic:  15/15      EV: 12    Int: 16    God:
Gold:   233        SH:  0    Dex: 12    Spells: 5/5 levels left

rFire    . . .     SeeInvis .   a - +0 triple sword (protect)
rCold    + . .     Gourm    .   (shield currently unavailable)
rNeg     . . .     Faith    .   y - +1 ring mail
rPois    +         Spirit   .   c - +1 hat
rElec    .         Reflect  .   (no cloak)
rCorr    .         Harm     .   (no gloves)
MR       .....                  d - +1 pair of boots
Stlth    +.........             (no amulet)
HPRegen  0.16/turn              b - ring of magical power
MPRegen  0.14/turn              t - ring of poison resistance

@: no status effects
A: claws 2, horns 1, talons 1, cold resistance 1
a: no special abilities


You were on level 4 of the Dungeon.
You were not hungry.

You visited 1 branch of the dungeon, and saw 4 of its levels.

You collected 233 gold pieces.

Inventory:

Hand Weapons
 a - a +0 triple sword of protection (weapon)
Missiles
 l - 332 stones (quivered)
 r - 424 arrows
 v - 143 bolts
 w - 93 poisoned needles
 x - 81 tomahawks
 z - 24 curare-tipped needles
 C - 549 sling bullets
Armour
 c - a +1 hat (worn)
 d - a +1 pair of boots (worn)
 y - a +1 ring mail (worn)
Jewellery
 b - a ring of magical power (left claw)
 f - an uncursed amulet of faith
 t - a ring of poison resistance (right claw)
Wands
 i - a wand of digging (9)
 u - a wand of flame (29)
Scrolls
 g - 2 scrolls of magic mapping
 h - a scroll of fog
 o - a scroll of teleportation
 p - a scroll of remove curse
Potions
 j - 2 potions of agility {unknown}
 k - 2 potions of cancellation
 m - a potion of mutation {unknown}
 n - 2 potions of brilliance {unknown}
 q - 3 potions of curing
 s - a potion of heal wounds {unknown}
 A - 2 potions of might {unknown}
 B - 2 potions of degeneration {unknown}
 E - a potion of invisibility {unknown}
 F - a potion of flight {unknown}
Comestibles
 e - 5 rations {!d}
 D - a chunk of flesh


   Skills:
 * Level 3.7 Fighting
 * Level 1.2 Long Blades
   Level 0.8 Maces & Flails
 * Level 2.1 Armour
 * Level 4.3 Dodging
 - Level 3.0 Stealth


You had 5 spell levels left.
You didn't know any spells.
Your spell library was empty.

Dungeon Overview and Level Annotations

Branches:
Dungeon (4/12)
 Temple: D:4-7

Altars:
Qazlal
Trog
Uskayaw
The Shining One

Shops:
D:4 }


Innate Abilities, Weirdness & Mutations

You have very sharp fingernails.
You have a pair of small horns on your head.
You have sharp toenails.
Your flesh is cold resistant. (rC+)


Message History

Your weapon exudes an aura of protection.
The orc warrior is heavily wounded.
* * * LOW HITPOINT WARNING * * *
You feel very sick. The orc warrior completely misses you.
The orc warrior closely misses you.
You feel better.
The orc warrior hits you but does no damage.
You barely miss the orc warrior.
The orc warrior is heavily wounded.
The orc warrior hits you with a +0 glaive of venom.
* * * LOW HITPOINT WARNING * * *
Okay, then.
You hit the orc warrior.
Your weapon exudes an aura of protection.
The orc warrior is severely wounded.
The orc warrior closely misses you.
You closely miss the orc warrior.
The orc warrior is severely wounded.
The orc warrior hits you with a +0 glaive of venom!
You die...

#######
#.....###########
########.###.##.........
.......@.#..............
########o#.##...........
........>...#...##.#####
................##.....#
.....................#.#
..o........#...........#
.......≈≈≈.#.........###
......≈≈≈≈≈#.#.......#
######≈≈∩≈≈#.........#


You could see an orc warrior.

Vanquished Creatures
  A hound (D:4)
  A jelly (D:3)
  A centaur skeleton (D:4)
  An orc wizard (D:4)
  2 worker ants
  3 adders
  An ooze (D:3)
  A worm (D:2)
  A dart slug (D:1)
  4 leopard geckos
  5 orcs (D:3)
  A ball python (D:3)
  3 giant cockroaches (D:2)
  8 goblins
  13 hobgoblins
  4 jackals (D:1)
  4 quokkas
  5 bats
  8 frilled lizards
  13 kobolds
  2 rats
82 creatures vanquished.

Notes
Turn   | Place    | Note
-------+----------+-------------------------------------------
     0 | D:1      | Chiseanne the Demonspawn Archaeologist began the quest for
                  | the Orb.
     0 | D:1      | Reached XP level 1. HP: 15/15 MP: 1/1
   102 | D:1      | Reached skill level 3 in Dodging
   108 | D:1      | Gained mutation: You have sharp toenails. [demonic
                  | ancestry]
   108 | D:1      | Reached XP level 2. HP: 13/21 MP: 2/2
   940 | D:2      | Gained mutation: Your flesh is cold resistant. (rC+)
                  | [demonic ancestry]
   940 | D:2      | Reached XP level 3. HP: 26/27 MP: 3/3
  1004 | D:2      | Found a stormy altar of Qazlal.
  1325 | D:2      | Found a bloodstained altar of Trog.
  1327 | D:2      | Found a glowing golden altar of the Shining One.
  1385 | D:2      | Found a hide-covered altar of Uskayaw.
  1387 | D:2      | Noticed a +0 hand axe
  1391 | D:2      | Noticed a +0 hand axe
  1550 | D:3      | Gained mutation: You have a pair of small horns on your
                  | head. [demonic ancestry]
  1550 | D:3      | Reached XP level 4. HP: 30/34 MP: 4/4
  1710 | D:3      | Reached skill level 1 in Armour
  2177 | D:3      | Reached skill level 4 in Dodging
  2177 | D:3      | Gained mutation: You have sharp fingernails. [demonic
                  | ancestry]
  2177 | D:3      | Reached XP level 5. HP: 34/41 MP: 5/5
  2177 | D:3      | Identified a scroll of acquirement
  2187 | D:3      | Identified the amulet "Umotoboe" {Faith Int+7} (You
                  | acquired it on level 3 of the Dungeon)
  2823 | D:4      | Reached skill level 1 in Long Blades
  3020 | D:4      | Gained mutation: You have very sharp fingernails. [demonic
                  | ancestry]
  3020 | D:4      | Reached XP level 6. HP: 48/48 MP: 6/6
  3034 | D:4      | Found Roisa's Gadget Shoppe.
  3091 | D:4      | Noticed an orc warrior
  3106 | D:4      | Slain by an orc warrior

Skill      XL: |  1  2  3  4  5 |
---------------+----------------+-----
Dodging        | 3 4 |  4.3
Fighting       | 2 3 |  3.7
Armour         | 1 2 |  2.1
Long Blades    | 1 |  1.2
Maces & Flails | |  0.8
Stealth        | |  3.0

Action                   |  1- 3 |  4- 6 || total
-------------------------+-------+-------++-------
Melee: Whip              |    93 |       ||    93
       Dagger            |   111 |    46 ||   157
       Headbutt          |       |    15 ||    15
       Triple sword      |       |    74 ||    74
  Use: Scroll            |       |    11 ||    11
       Potion            |       |     1 ||     1
 Stab: Sleeping          |     5 |     3 ||     8
  Eat: Chunk             |     2 |     6 ||     8
Armor: Robe              |    76 |       ||    76
       Ring mail         |     8 |    66 ||    74
Dodge: Dodged            |   162 |    90 ||   252
